 Dungeon Crawl Stone Soup version 0.31-a0-180-g519b7de00c (webtiles) character file.

Game seed: 16660832442625879866

46 qw the Shooter (level 3, -8/28 HPs)
             Began as a Naga Hunter on June 19, 2023.
             Mangled by a gnoll
             ... wielding a +0 flail
              (14 damage)
             ... on level 1 of the Dungeon.
             The game lasted 00:00:17 (760 turns).

qw the Shooter (Naga Hunter)                         Turns: 760, Time: 00:00:18

Health: -8/28      AC:  2    Str: 13    XL:     3   Next: 66%
Magic:  3/3        EV:  9    Int:  9    God:
Gold:   54         SH:  0    Dex: 16    Spells: 2/2 levels left

rFire   . . .        Y - +0 shortbow
rCold   . . .        (shield currently unavailable)
rNeg    . . .        c - +0 leather armour
rPois   +            (no helmet)
rElec   .            (no cloak)
rCorr   .            (no gloves)
SInv    +            (no barding)
Will    +....        (no amulet)
Stlth   ++           (no ring)
HPRegen 0.24/turn    (no ring)
MPRegen 0.08/turn

%: no passive effects
@: short of breath, very slow
A: AC +1, large, see invisible, deformed body, poison resistance, slowness 2,
spit poison 1, naga tail 1, frail 1, strong-willed 1, wild magic 1
a: Spit Poison


You were on level 1 of the Dungeon.
You visited 1 branch of the dungeon, and saw 2 of its levels.

You collected 54 gold pieces.


Innate Abilities, Weirdness & Mutations

Your serpentine skin is tough. (AC +1)
You have supernaturally acute eyesight. (SInv)
Armour fits poorly on your strangely shaped body.
Your system is resistant to poisons. (rPois)
You cover ground very slowly.
You can spit poison.
You have a snake-like lower body.
You are frail. (-10% HP)
You are strong-willed. (Will+)
Your spells are a little harder to cast, but a little more powerful.


   Skills:
 - Level 2.0 Fighting
 + Level 4.8 Ranged Weapons
 - Level 1.5 Dodging
 - Level 1.5 Stealth


You had 2 spell levels left.
You didn't know any spells.
Your spell library was empty.

Inventory:

Hand Weapons
 Y - a +0 shortbow (weapon)
Armour
 c - a +0 leather armour (worn)
Potions
 i - a potion of enlightenment {unknown}

Dungeon Overview and Level Annotations

Branches:
Dungeon (2/15)

Altars:


Message History

There is a stone staircase leading down here.
You feel a little less clever now.
You climb downwards.
Found a stone staircase leading up.
There is a stone staircase leading up here.
There are monsters nearby!
Waypoint 1 assigned to D:2.
754 ||| INVOKING Spit Poison.
Aiming: Spit Poison (2% risk of failure)
Press: ? - help, Shift-Dir - straight line, f - gnoll The splash of poison hits the gnoll!
The gnoll is poisoned.
The gnoll is almost dead.
The gnoll shouts! x3
You kill the gnoll!
The gnoll barely misses you. The gnoll hits you with a +0 flail!
The gnoll barely misses you.
755 ||| STAIRDANCE The gnoll barely misses you.
The gnoll hits you with a +0 spear! The kobold closely misses you.
You climb upwards.
There is a stone staircase leading down here.
Enter note:
Enter note:
Enter note: You shoot an arrow.
The arrow hits the gnoll!
The gnoll is severely wounded.
The kobold barely misses you. The gnoll closely misses you.
You shoot an arrow. The arrow hits the gnoll!
You kill the gnoll!
You have got your breath back.
The kobold barely misses you.
759 ||| INVOKING Spit Poison.
Aiming: Spit Poison (2% risk of failure)
Press: ? - help, Shift-Dir - straight line, f - gnoll The splash of poison hits the gnoll!
The gnoll is heavily wounded.
The kobold barely misses you. The gnoll hits you with a +0 flail.
You shoot an arrow. The arrow barely misses the gnoll.
The kobold hits you with a +0 club. The gnoll hits you with a +0 flail!
Ouch! That really hurt!
You die...

#####...##.##..........#.....#
#...##.#####..##...#######
#...##........######
#...#########.# #....# #.####
# #....# #....######### #
#....# ####.........#### #
####.######### #########.....
##### #.......g@# ######
....####.#######K#
###......#######.#
..#.......##.....# #####
#(#.####..##.##### ###¤~¤¤
#.#.####..##.# ##~¤~~~¤
#.#.##....##.# #~¤¤¤~#¤
#.#.##.##.##.# ##~~~~~~~
#.#.......##.# #~~#¤~~¤¤


You could see a gnoll and a kobold.

Vanquished Creatures
  2 gnolls
  A dart slug (D:1)
  3 endoplasms (D:1)
  5 goblins (D:1)
  2 hobgoblins (D:1)
  A quokka (D:1)
  4 ball pythons (D:1)
  3 bats (D:1)
  A frilled lizard (D:1)
  A kobold (D:1)
  4 rats (D:1)
27 creatures vanquished.

Notes
Turn   | Place    | Note
-------+----------+-------------------------------------------
     0 | D:1      | qw the Naga Hunter began the quest for the Orb.
     0 | D:1      | Reached XP level 1. HP: 19/19 MP: 1/1
     0 | D:1      | 0 ||| qw: Version: 0.3-a-7-ge0c9b40
     0 | D:1      | 0 ||| qw: Game counter: 1026
     0 | D:1      | 0 ||| qw: Always use a shield: true
     0 | D:1      | 0 ||| qw: God list: Okawaru
     0 | D:1      | 0 ||| qw: Allow faded altars: false
     0 | D:1      | 0 ||| qw: Do Orc after D:15 true
     0 | D:1      | 0 ||| qw: Do second Lair branch before Depths: true
     0 | D:1      | 0 ||| qw: Lair rune preference: random
     0 | D:1      | 0 ||| qw: Plans: Normal
     0 | D:1      | 0 ||| PLANNING D:1-11
    15 | D:1      | 15 ||| INVOKING Spit Poison.
    22 | D:1      | 22 ||| INVOKING Spit Poison.
    30 | D:1      | 30 ||| INVOKING Spit Poison.
    51 | D:1      | 51 ||| INVOKING Spit Poison.
    85 | D:1      | 85 ||| INVOKING Spit Poison.
   127 | D:1      | 127 ||| INVOKING Spit Poison.
   130 | D:1      | Reached skill level 4 in Ranged Weapons
   130 | D:1      | Reached XP level 2. HP: 24/26 MP: 2/2
   139 | D:1      | 139 ||| INVOKING Spit Poison.
   143 | D:1      | 143 ||| INVOKING Spit Poison.
   206 | D:1      | 206 ||| INVOKING Spit Poison.
   244 | D:1      | 244 ||| INVOKING Spit Poison.
   248 | D:1      | 248 ||| INVOKING Spit Poison.
   269 | D:1      | 269 ||| INVOKING Spit Poison.
   306 | D:1      | 306 ||| INVOKING Spit Poison.
   354 | D:1      | 354 ||| INVOKING Spit Poison.
   358 | D:1      | Reached XP level 3. HP: 32/32 MP: 3/3
   428 | D:1      | 428 ||| INVOKING Spit Poison.
   440 | D:1      | 440 ||| INVOKING Spit Poison.
   573 | D:1      | 573 ||| INVOKING Spit Poison.
   579 | D:1      | 579 ||| INVOKING Spit Poison.
   656 | D:1      | 656 ||| DROPPING +6 ring of intelligence.
   672 | D:1      | 672 ||| READING scroll labelled FISTOL CUENEMI.
   718 | D:1      | 718 ||| READING scroll labelled IMAYBENAOMP.
   719 | D:1      | 719 ||| DRINKING 3 blue potions.
   720 | D:1      | 720 ||| DRINKING 2 viscous purple potions.
   720 | D:1      | Gained mutation: You occasionally lose the ability to drink
                  | potions when taking damage. [potion of mutation]
   721 | D:1      | 721 ||| DRINKING potion of mutation.
   721 | D:1      | Lost mutation: You occasionally lose the ability to drink
                  | potions when taking damage. [potion of mutation]
   721 | D:1      | Gained mutation: You are strong-willed. (Will+) [potion of
                  | mutation]
   721 | D:1      | Gained mutation: You are frail. (-10% HP) [potion of
                  | mutation]
   721 | D:1      | Gained mutation: Your spells are a little harder to cast,
                  | but a little more powerful. [potion of mutation]
   723 | D:1      | 723 ||| DROPPING scroll of butterflies.
   724 | D:1      | 724 ||| DROPPING 2 potions of brilliance.
   754 | D:2      | 754 ||| INVOKING Spit Poison.
   755 | D:2      | 755 ||| STAIRDANCE
   759 | D:1      | 759 ||| INVOKING Spit Poison.
   760 | D:1      | HP: 6/28 [kobold/+0 club (3)]
   760 | D:1      | Mangled by a gnoll

Levels and vault maps discovered:
D:1:      lightli_molten_gateway, layout_loops_cross
D:2:      layout_loops_ring, basic_altar, dilly_ecumenical_altar_fadedgnrine,
          grunt_ministairs_10, minmay_nonomino_d4, uniq_crazy_yiuf_cottage

Skill      XL: |  1 |
---------------+----+-----
Ranged Weapons | 4 |  4.8
Fighting       | |  2.0
Dodging        | |  1.5
Stealth        | |  1.5

Action                     || total
---------------------------++-------
   Fire: Shortbow          ||    35
Ability: Spit Poison       ||    20
    Use: Potion            ||     3
         Scroll            ||     2
 Armour: Leather armour    ||     5
  Dodge: Dodged            ||     9

Table legend:
 A = Non-vault XP
 B = Vault XP
 C = Vault XP percentage of total XP
 D = Non-vault monster count
 E = Vault monster count
 F = Vault count percentage of total count
                 A         B        C        D         E       F
            +---------+---------+-------+---------+---------+-------
      Total |      39 |      27 |  40.9 |      25 |       2 |   7.4
            +---------+---------+-------+---------+---------+-------
        D:1 |      39 |      13 |  25.0 |      25 |       1 |   3.8
        D:2 |       0 |      14 | 100.0 |       0 |       1 | 100.0
            +---------+---------+-------+---------+---------+-------
